Map: Blackpink LE

Players

Sphinc

  • Race: Terran Terran
  • League: Gold
  • Spawn Location: 1:00

CinDra - Winner!

  • Race: Zerg Zerg
  • League: Gold
  • Spawn Location: 7:00

VOD

Have the link to the VOD?

Description

Time

  • Played on: March 1, 2018, 11:02 p.m.
  • Length: 17:42
Show
View Real Time Build Order
Export as new Build Order

Sphinc Terran 

Build Orders:  

Get SALT Encoding   

  12  0:01  SCV  
  13  0:13  SCV  
  14  0:19  Supply Depot  
  14  0:25  SCV  
  15  0:32  Refinery  
  15  0:41  SCV  
  16  0:48  Barracks  
  16  0:59  SCV  
  16  1:01  Supply Depot  
  17  1:11  SCV  
  18  1:22  Engineering Bay  
  18  1:26  SCV  
  18  1:28  Refinery  
  19  1:37  Barracks Reactor  
  19  1:49  SCV  
  20  1:58  Factory  
  20  2:01  SCV  
  21  2:13  SCV  
  21  2:14  Marine x2  
  24  2:18  Terran Infantry Weapons Level 1  
  24  2:25  SCV  
  25  2:35  Marine x2  
  27  2:44  Factory Tech Lab, Starport  
  27  2:48  Supply Depot  
  27  3:14  Siege Tank  
  27  3:15  Marine x2  
  32  3:22  Supply Depot  
  32  3:24  Medivac  
  34  3:39  Marine x2  
  36  3:46  Siege Tank  
  39  4:10  Starport Tech Lab  
  39  4:22  Fusion Core, Marine x2  
  41  4:27  Command Center  
  41  4:33  Orbital Command  
  34  5:06  Siege Tank  
  37  5:07  Marine x2  
  39  5:24  Armory  
  39  5:30  Supply Depot  
  39  5:40  SCV  
  40  5:44  SCV  
  41  5:52  SCV  
  41  5:56  SCV  
  43  6:04  SCV  
  43  6:07  Battlecruiser  
  43  6:08  SCV  
  51  6:15  Refinery  
  51  6:16  SCV  
  49  6:20  Marine x2, SCV  
  42  6:32  SCV  
  42  6:51  Thor  
  42  6:53  Marine x2  
  50  7:07  SCV  
  51  7:12  SCV  
  52  7:19  SCV  
  53  7:24  SCV, Terran Vehicle And Ship Armor Level 1  
  54  7:31  SCV  
  54  7:36  SCV  
  56  7:43  SCV  
  57  7:48  SCV  
  58  7:55  SCV  
  59  8:00  SCV  
  53  8:28  Thor  
  53  8:31  Battlecruiser  
  65  8:54  Marine x2  
  67  8:59  Factory  
  67  9:07  Starport  
  67  9:24  SCV  
  68  9:27  Refinery  
  68  9:30  Refinery  
  68  9:32  SCV  
  68  9:36  SCV  
  70  9:45  Starport Tech Lab  
  70  9:46  Factory Tech Lab  
  70  9:54  Supply Depot  
  70  9:58  Command Center  
  70  10:16  SCV x2  
  72  10:22  Supply Depot  
  72  10:23  Supply Depot  
  72  10:27  Supply Depot x2  
  72  10:28  SCV x2  
  74  10:29  Supply Depot  
  74  10:31  Supply Depot, Terran Vehicle And Ship Armor Level 2  
  74  10:40  SCV x2  
  76  10:44  Battlecruiser  
  82  10:51  Supply Depot x2  
  82  10:52  SCV x2  
  82  10:53  Supply Depot  
  84  11:04  Command Center, SCV x2  
  86  11:16  SCV x2  
  88  11:28  SCV x2  
  88  11:31  Thor  
  96  11:37  Refinery  
  96  11:38  Refinery  
  96  11:40  SCV x2  
  99  12:01  Battlecruiser  
  104  12:03  Thor  
  104  12:04  Marine  
  104  12:05  Marine  
  112  12:19  Siege Tank  
  112  12:22  Marine x2  
  117  12:35  Refinery  
  117  12:51  Siege Tank  
  120  12:55  Battlecruiser  
  120  12:57  Siege Tank  
  129  13:20  Battlecruiser  
  129  13:21  Marine x2  
  136  13:39  Marine x2  
  137  13:57  Marine x2  
  139  14:05  Thor x2  
  139  14:08  Battlecruiser  
  157  14:14  Marine x2  
  157  14:16  Terran Vehicle And Ship Armor Level 3  
  159  14:25  Refinery  
  159  14:34  Weapon Refit  
  159  14:48  SCV  
  154  15:00  SCV  
  154  15:01  Command Center  
  114  15:12  SCV  
  88  15:24  SCV  
  81  15:36  SCV  
  82  15:54  Marine x2  
  82  15:56  Siege Tank x2  
  78  15:58  Battlecruiser x2  
  90  16:08  Barracks  
  90  16:09  Barracks  
  90  16:12  Marine x2  
  92  16:30  Siege Tank x2  
  98  17:02  Barracks Tech Lab  
  98  17:07  Barracks Reactor  
Show
View Real Time Build Order
Export as new Build Order

CinDra Zerg - Winner!

Build Orders: Hatch First 

Get SALT Encoding   

  12  0:01  Drone  
  13  0:12  Overlord  
  13  0:22  Drone  
  14  0:31  Drone x2  
  14  0:34  Drone  
  17  0:55  Hatchery  
  16  0:57  Drone  
  16  1:03  Drone  
  18  1:07  Extractor  
  17  1:17  Spawning Pool  
  16  1:22  Drone  
  16  1:23  Drone  
  18  1:28  Drone  
  19  1:39  Overlord  
  19  1:51  Drone  
  20  2:05  Queen  
  20  2:08  Queen  
  22  2:10  Zergling x4  
  26  2:20  Drone  
  26  2:22  Drone  
  28  2:29  Drone  
  29  2:33  Drone  
  30  2:40  Hatchery  
  30  2:42  Drone  
  30  2:47  Drone  
  31  2:56  Drone x2  
  33  3:09  Drone x2  
  35  3:19  Overlord  
  35  3:23  Overlord  
  35  3:33  Lair  
  35  3:41  Queen, Drone  
  35  3:42  Drone x3  
  35  3:43  Drone x2  
  43  3:55  Zergling x14  
  50  4:01  Baneling Nest  
  49  4:08  Overlord x2  
  49  4:10  Drone  
  50  4:19  Evolution Chamber  
  50  4:22  Queen, Evolution Chamber  
  50  4:31  Drone x6  
  53  4:32  Drone x2  
  53  4:34  Drone x2  
  60  4:42  Metabolic Boost  
  51  4:57  Queen  
  51  5:01  Centrifical Hooks  
  51  5:03  Baneling  
  51  5:04  Baneling  
  51  5:17  Zergling x24  
  51  5:18  Zergling x2  
  64  5:29  Drone  
  64  5:30  Drone  
  64  5:31  Overlord  
  66  5:44  Baneling  
  66  5:45  Baneling  
  66  5:49  Queen  
  66  5:55  Extractor  
  67  5:58  Drone x5  
  67  5:59  Overlord, Drone x2  
  67  6:00  Overlord x4  
  69  6:28  Zergling x10  
  69  6:29  Zergling x20  
  81  7:03  Spore Crawler  
  81  7:05  Spore Crawler  
  81  7:06  Spore Crawler  
  78  7:12  Zerg Melee Weapons Level 1  
  78  7:25  Extractor  
  78  7:26  Extractor  
  78  7:27  Hydralisk Den  
  75  7:43  Zerg Ground Armor Level 1  
  75  7:50  Drone x10  
  75  7:51  Drone x8  
  92  8:03  Hydralisk x2  
  92  8:04  Hydralisk  
  89  8:14  Muscular Augments  
  81  8:30  Hydralisk  
  81  8:31  Hydralisk x3  
  89  8:36  Hydralisk  
  89  8:37  Hydralisk  
  91  8:51  Hydralisk  
  91  8:52  Hydralisk x2  
  91  8:53  Overlord x5  
  97  9:15  Zerg Missile Weapons Level 1  
  97  9:16  Extractor  
  95  9:19  Extractor  
  93  9:30  Hydralisk x6  
  105  9:36  Drone x6  
  111  9:43  Hydralisk  
  111  9:44  Hydralisk x2  
  117  10:03  Hatchery  
  116  10:08  Zerg Ground Armor Level 2  
  116  10:25  Hydralisk x3  
  116  10:26  Hydralisk x6  
  116  10:28  Zergling x16  
  142  10:42  Grooved Spines  
  142  10:43  Hydralisk x4  
  150  11:00  Spire  
  149  11:06  Drone x2  
  149  11:07  Drone x2  
  153  11:16  Extractor  
  153  11:18  Drone x4  
  154  11:19  Drone, Extractor  
  156  11:29  Zerg Missile Weapons Level 2  
  156  11:41  Queen  
  156  11:46  Overlord x9  
  156  11:47  Overlord x13  
  158  12:12  Drone x3  
  158  12:13  Hydralisk x5  
  171  12:16  Mutalisk  
  171  12:20  Zerg Flyer Weapons Level 1  
  173  12:34  Zerg Melee Weapons Level 2  
  173  12:46  Mutalisk  
  173  12:47  Mutalisk x12  
  199  13:00  Infestation Pit  
  199  13:01  Drone  
  199  13:11  Pneumatized Carapace  
  199  13:51  Baneling x3  
  199  13:52  Baneling x12  
  199  13:53  Baneling x3  
  199  13:57  Overseer  
  199  13:58  Overseer x5  
  108  15:17  Hydralisk x13  
  108  15:18  Hydralisk x30  
  176  15:30  Hydralisk x4  
  174  15:56  Hive  
  172  15:58  Hydralisk x8  
  172  15:59  Hydralisk x3  
  172  16:00  Hatchery  
  193  16:12  Hydralisk x3  
  199  16:25  Drone  
  200  16:49  Extractor  
  200  16:50  Extractor  
Tags
 
League
GoldGold
Matchup
TvZ
Spawn Locations
Cross Positions
Add a new tag
Caveats
  • Supply blocks, unpowered buildings, or Contaminate may cause inaccurate times.
  • Supply counts are checked every 10 seconds.